AoeStats
← Infadel

Arabia

509715914Analyzed
1v1 RM · 5d ago on Sep 27, 2026· 55m 20s· 2 players
Game mode
Random Map
Map size
Tiny (2 player)
Population
200
Speed
Normal
Resources
Standard
Victory
Conquest
Starting age
Dark Age
Ending age
Imperial Age
RankedLock teamsTeams togetherTeam positionsShared explorationLock speedFull tech treeHidden civsTurbo modeCheats
Victory
Defeat
🇮🇳 Mongols · India
1038
+16
🇧🇷 Bulgarians · Brazil
1046
-16
Infadel
3:02 Loom
8:56 Feudal Age
14:55 Double-Bit Axe
22:00 Gold Mining
25:35 Castle Age
23:31 Stone Mining
24:18 Fletching
24:31 Padded Archer Armor
24:43 Forging
25:24 Horse Collar
27:28 Bow Saw
28:24 Scale Barding Armor
30:00 Husbandry
32:37 Town Watch
33:28 Wheelbarrow
33:38 Scale Mail Armor
36:11 Leather Archer Armor
36:34 Bodkin Arrow
37:51 Hand Cart
39:33 Stone Shaft Mining
39:33 Gold Shaft Mining
40:12 Iron Casting
39:18 Crossbowman
40:29 Chain Barding Armor
44:00 Imperial Age
42:15 Bloodlines
44:08 Heavy Camel Rider
45:59 Blast Furnace
45:25 Light Cavalry
46:43 Bracer
49:03 Elite Steppe Lancer
51:09 Hussar
Capybara-Master
7:29 Loom
9:48 Feudal Age
20:24 Horse Collar
20:30 Double-Bit Axe
20:37 Gold Mining
26:58 Castle Age
25:57 Scale Barding Armor
26:03 Forging
26:00 Fletching
26:11 Padded Archer Armor
27:22 Bloodlines
27:56 Husbandry
28:32 Iron Casting
28:21 Bow Saw
28:23 Heavy Plow
29:21 Wheelbarrow
28:31 Town Watch
39:55 Imperial Age
38:57 Bodkin Arrow
39:24 Chain Barding Armor
42:31 Elite Skirmisher
46:38 Bracer
46:57 Leather Archer Armor
47:53 Pikeman
48:33 Squires
Connection lost

Rejoining the realm…

Still unreachable

The connection could not be restored.

Session expired

The server has moved on; the page needs a fresh start.